 Dungeon Crawl Stone Soup version 0.31-a0-174-g85c54bcb58 (webtiles) character file.

Game seed: 3695337707049876087

27 IndexError the Shooter (level 3, 29/29 HPs)
             Began as a Djinni Hunter on June 15, 2023.
             Quit the game on level 1 of the Dungeon.
             The game lasted 00:00:48 (404 turns).

IndexError the Shooter (Djinni Hunter)               Turns: 404, Time: 00:00:49

Health: 29/29      AC:  3    Str: 10    XL:     3   Next: 25%
Gold:   39         EV: 12    Int: 10    God:
                   SH:  0    Dex: 18

rFire   + + .        a - +0 shortbow
rCold   x . .        (shield currently unavailable)
rNeg    . . .        c - +0 leather armour
rPois   ∞            (no helmet)
rElec   .            (no cloak)
rCorr   .            (no gloves)
SInv    .            (boots unavailable)
Will    .....        (no amulet)
Stlth   ++           (no ring)
HPRegen 0.24/turn    (no ring)
MPRegen 0.00/turn

%: no passive effects
@: flying
A: sickness immunity, fire resistance 2, cold vulnerability 1, float, innate
caster, HP casting, extra vitality 1
a: no special abilities


You were on level 1 of the Dungeon.
You visited 1 branch of the dungeon, and saw 1 of its levels.

You collected 39 gold pieces.

Inventory:

Hand Weapons
 a - a +0 shortbow (weapon)
Armour
 c - a +0 leather armour (worn)
Scrolls
 b - a scroll of butterflies
 f - a scroll of identify {unknown}
 i - a scroll of enchant armour {unknown}
Potions
 d - a potion of might {unknown}
 e - a potion of heal wounds {unknown}
 g - a potion of enlightenment {unknown}
 h - a potion of resistance {unknown}


   Skills:
 + Level 2.8 Fighting
 + Level 3.7 Ranged Weapons
 - Level 2.1 Dodging
 - Level 0.7 Stealth


You knew the following spells:

 Your Spells              Type           Power      Damage    Failure   Level
a - Sandblast             Erth           0%         2d4       45%         1
Your spell library was empty.

Dungeon Overview and Level Annotations

Branches:
Dungeon (1/15)

Altars:


Innate Abilities, Weirdness & Mutations

You are immune to sickness and miasma.
You are immune to poison.
Your flesh is very heat resistant. (rF++)
You are vulnerable to cold. (rC-)
You float through the air rather than walking.
You learn spells naturally, not from books.
Your magical power is your life essence.
You have superior vitality. (+4 MHP)


Message History

f - a scroll labelled SOIFECARPHO
Things that are here:
a +0 club; a goblin corpse Health restored: 24 A bat comes into view.
Things that are here:
a +0 club; 5 stones; a kobold corpse A bat is nearby!
You shoot an arrow. The arrow hits the bat.
No target in view!
No target in view!
A giant cockroach comes into view.
A giant cockroach is nearby!
You shoot an arrow. The arrow hits the giant cockroach.
You have reached level 3!
Your experience leads to an increase in your attributes!
Increase (s)trength, (i)ntelligence, or (d)exterity?
You feel agile. x2
The power to cast Sandblast wells up from within.
Spell assigned to 'a'.
Health restored: 29 A ball python comes into view.
A ball python is nearby!
A ball python is nearby!
You shoot an arrow. The arrow hits the ball python.
The ball python hisses angrily.
A ball python comes into view.
You shoot an arrow. The ball python hisses angrily.
The arrow hits the ball python but does no damage.
A hobgoblin comes into view.
You shoot an arrow. The hobgoblin shouts!
The arrow hits the ball python!
You shoot an arrow. The arrow hits the ball python.
You shoot an arrow. The arrow hits the ball python.
You shoot an arrow. The arrow barely misses the hobgoblin.
You shoot an arrow. The arrow closely misses the hobgoblin.
The hobgoblin barely misses you.
You shoot an arrow. The arrow hits the hobgoblin.
The hobgoblin hits you but does no damage.
You shoot an arrow. The arrow hits the hobgoblin!
No target in view!
Found a stone staircase leading down.
g - a clear potion
There is a stone staircase leading down here.
No target in view!
No target in view!
No target in view!
h - a fuming black potion A bat is nearby!
A bat is nearby!
You shoot an arrow. The arrow hits the bat.
No target in view!
No target in view!
Things that are here:
a +0 club; 5 stones; a kobold corpse
Things that are here:
a +0 club; a goblin corpse You see here a ball python skeleton.
A ball python comes into view.
A ball python is nearby!
You shoot an arrow.
The arrow barely misses the ball python.
The ball python hisses angrily.
You shoot an arrow. The arrow hits the ball python.
No target in view!
No target in view!
i - a scroll labelled QAFUTU HOUTRU
Found a stone staircase leading down.
No target in view!
No target in view!
No target in view!
A goblin comes into view. It is wielding a +0 dagger.
You shoot an arrow.
The arrow hits the goblin! 2 rats come into view.
You shoot an arrow.
The arrow hits the rat but does no damage.
There are monsters nearby!
You shoot an arrow. The arrow hits the rat.
There are monsters nearby!
You shoot an arrow. The arrow hits the rat.
A rat is nearby!
You shoot an arrow. The arrow hits the rat.
No target in view!
No target in view!
No target in view!
Found a faded altar of an unknown god.
Done exploring.
No target in view!
Done exploring.
No target in view!
No target in view!
Done exploring.
Done exploring.
No target in view!
No target in view!
Done exploring.
No target in view!
Are you sure you want to abandon this character and quit the game? (Confirm with "yes".)

#..............[..#
######[...........#
#............#
#............#
#............#
#............####
#..†............###
#.................#
#......@......8.8.#
############..._..#
#..8.8.# #......#
#.....## #....##
#....# #....#
#....#


There were no monsters in sight!

Vanquished Creatures
  4 ball pythons (D:1)
  3 bats (D:1)
  A giant cockroach (D:1)
  A hobgoblin (D:1)
  7 jackals (D:1)
  2 goblins (D:1)
  3 kobolds (D:1)
  4 rats (D:1)
25 creatures vanquished.

Notes
Turn   | Place    | Note
-------+----------+-------------------------------------------
     0 | D:1      | IndexError the Djinni Hunter began the quest for the Orb.
     0 | D:1      | Reached XP level 1. HP: 18/18 MP: 0/0
    42 | D:1      | Reached XP level 2. HP: 24/24 MP: 0/0
   156 | D:1      | Reached XP level 3. HP: 29/29 MP: 0/0
   156 | D:1      | Learned a level 1 spell: Sandblast
   383 | D:1      | Found a faded altar of an unknown god.
   404 | D:1      | Quit the game

Illustrated notes

Levels and vault maps discovered:
D:1:      dpeg_arrival_tiny_i, layout_basic, chequers_ecumenical_altar_simple,
          serial_bayou_pond_a

Action                     || total
---------------------------++-------
   Fire: Shortbow          ||    60
 Armour: Leather armour    ||     4
  Dodge: Dodged            ||    17

Table legend: (Time is in decaauts)
 A = Elapsed time spent in this place.
 B = Non-inter-level travel time spent in this place.
 C = Inter-level travel time spent in this place.
 D = Time resting spent in this place.
 E = Time spent auto-exploring this place.
 F = Levels seen in this place.
 G = Mean time per level.
                   A        B        C        D        E       F      G
               +--------+--------+--------+--------+--------+-----+--------+
         Total |    420 |    420 |      0 |      0 |    314 |   1 |  420.0 |
       Dungeon |    420 |    420 |      0 |      0 |    314 |   1 |  420.0 |
               +--------+--------+--------+--------+--------+-----+--------+

Top non-repeatable levels by time:
     D:1: 420 daAuts

Levels and vault maps discovered:
D:1:      dpeg_arrival_tiny_i, layout_basic, chequers_ecumenical_altar_simple,
          serial_bayou_pond_a

Table legend: (Time is in decaauts)
 A = Elapsed time spent in this place.
 B = Non-inter-level travel time spent in this place.
 C = Inter-level travel time spent in this place.
 D = Time resting spent in this place.
 E = Time spent auto-exploring this place.
 F = Levels seen in this place.
 G = Mean time per level.
                   A        B        C        D        E       F      G
               +--------+--------+--------+--------+--------+-----+--------+
         Total |    420 |    420 |      0 |      0 |    314 |   1 |  420.0 |
       Dungeon |    420 |    420 |      0 |      0 |    314 |   1 |  420.0 |
               +--------+--------+--------+--------+--------+-----+--------+

Top non-repeatable levels by time:
     D:1: 420 daAuts

Table legend:
 A = Kills in this place as a percentage of kills in the entire game.
 B = Kills by you in this place as a percentage of kills by you in the entire game.
 C = Kills by friends in this place as a percentage of kills by friends in the entire game.
 D = Other kills in this place as a percentage of other kills in the entire game.
 E = Experience gained in this place as a percentage of experience gained in the entire game.
 F = Experience gained in this place divided by the number of levels of this place that you have seen.
                   A       B       C       D       E      F
               +-------+-------+-------+-------+-------+----------------------
         Total | 100.0 | 100.0 |   N/A |   N/A | 100.0 |  39.0
       Dungeon | 100.0 | 100.0 |   N/A |   N/A | 100.0 |  39.0
               +-------+-------+-------+-------+-------+----------------------
